 Dungeon Crawl Stone Soup version 0.32-a0-128-g77eb882913 (webtiles) character file.

Game seed: 1037999893824983939

11 jasper the Caller (level 2, 0/15 HPs)
             Began as a Deep Elf Summoner on Feb 7, 2024.
             Slain by a hobgoblin (1 damage)
             ... on level 1 of the Dungeon.
             The game lasted 00:00:48 (225 turns).

jasper the Caller (Deep Elf Summoner)                Turns: 225, Time: 00:00:48

Health: 0/15       AC:  2    Str:  5    XL:     2   Next: 17%
Magic:  5/8        EV: 12    Int: 19    God:
Gold:   8          SH:  0    Dex: 15    Spells: 5/8 levels left

rFire   . . .        d - +0 dagger
rCold   . . .        (no shield)
rNeg    . . .        a - +0 robe
rPois   .            (no helmet)
rElec   .            (no cloak)
rCorr   .            (no gloves)
SInv    .            (no boots)
Will    .....        (no amulet)
Stlth   ++           (no ring)
HPRegen 0.22/turn    (no ring)
MPRegen 0.11/turn

%: no passive effects
@: no status effects
A: no striking features
a: no special abilities


You were on level 1 of the Dungeon.
You visited 1 branch of the dungeon, and saw 1 of its levels.

You collected 8 gold pieces.

Inventory:

Hand Weapons
 d - a +0 dagger (weapon)
Armour
 a - a +0 robe (worn)
Potions
 b - a potion of magic
 c - a potion of mutation {unknown}


   Skills:
 - Level 2.4 Dodging
 - Level 2.4 Stealth
 + Level 3.6 Spellcasting
 + Level 4.7 Summonings


You had 5 spell levels left.
You knew the following spells:

 Your Spells              Type           Power      Damage    Failure   Level
a - Summon Small Mammal   Summ           84%        N/A       1%          1
b - Call Imp              Summ           42%        N/A       3%          2

Your spell library contained the following spells:

 Spells                   Type           Power      Damage    Failure   Level
 Call Canine Familiar     Summ           21%        N/A       6%          3
 Summon Blazeheart Golem  Fire/Summ      12%        N/A       47%         4
 Summon Lightning Spire   Summ/Air       12%        N/A       47%         4


Dungeon Overview and Level Annotations

Branches:
Dungeon (1/15)

Altars:


Message History

t - Shout!
Orders for allies: a - Attack new target. r - Retreat! s - Stop attacking. g - Guard the area. f - Follow me.
Anything else - Cancel.
Gang up on whom?
Press: ? - help, Dir - move target, f - hobgoblin
Aim: a hobgoblin (asleep, ally target) Attack!
The hobgoblin shouts!
A frilled lizard comes into view.
Your cerulean imp closely misses the hobgoblin.
You swap places.
Found 14 gold pieces and a club.
The hobgoblin hits you.
Your cerulean imp hits the hobgoblin from afar with a -2 spear.
You take 2 damage, and have 13/15 hp.
The hobgoblin hits you but does no damage.
Your cerulean imp hits the hobgoblin but does no damage.
The frilled lizard bites you. The hobgoblin barely misses you.
Your cerulean imp completely misses the hobgoblin.
You barely miss the frilled lizard.
You punch the frilled lizard, but do no damage.
The hobgoblin hits you. The frilled lizard barely misses you.
Your cerulean imp hits the hobgoblin but does no damage.
You take 1 damage, and have 12/15 hp.
You closely miss the frilled lizard. The frilled lizard barely misses you.
The hobgoblin hits you.
Your cerulean imp closely misses the hobgoblin.
You take 5 damage, and have 7/15 hp.
MASSIVE DAMAGE!!
You closely miss the frilled lizard. The frilled lizard closely misses you.
The hobgoblin barely misses you.
Your cerulean imp hits the hobgoblin but does no damage.
You miss the frilled lizard. The frilled lizard closely misses you.
The hobgoblin hits you.
* * * LOW HITPOINT WARNING * * *
Your cerulean imp hits the hobgoblin but does no damage.
You take 4 damage, and have 3/15 hp.
MASSIVE DAMAGE!!
The frilled lizard bites you.
* * * LOW HITPOINT WARNING * * *
The hobgoblin hits you.
You die...

...#. #+##.## ###.. .#
).##..#####.....# .#
†.###.......# #.##.##
.........# ##.#..†## #
.........#####...$...##..
....###......#...........
.....###..............$..
♣♣♣♣♣..#......5.@.~....~.
♣.#.......#gl..!....
.#......##....~~...
#......##)...~~...
#......##.........
#..........~....~.
#.................
########..........


You could see a hobgoblin (ally target), a frilled lizard and a friendly
cerulean imp (summoned).

Vanquished Creatures
  A bat (D:1)
  A kobold (D:1)
2 creatures vanquished.

Vanquished Creatures (collateral kills)
  A dart slug (D:1)
  2 endoplasms (D:1)
  2 giant cockroaches (D:1)
  A quokka (D:1)
6 creatures vanquished.

Grand Total: 8 creatures vanquished

Notes
Turn   | Place    | Note
-------+----------+-------------------------------------------
     0 | D:1      | jasper the Deep Elf Summoner began the quest for the Orb.
     0 | D:1      | Reached XP level 1. HP: 10/10 MP: 6/6
   171 | D:1      | Reached XP level 2. HP: 15/15 MP: 5/8
   174 | D:1      | Learned a level 2 spell: Call Imp
   225 | D:1      | Slain by a hobgoblin

Illustrated notes

Levels and vault maps discovered:
D:1:      dpeg_arrival_simpleton_b, layout_rooms, serial_forest,
          infiniplex_forest_clump_double, infiniplex_forest_lined_4_way,
          infiniplex_forest_end_2, infiniplex_forest_zigzag_1,
          infiniplex_forest_clump_double, infiniplex_forest_clump_small,
          minivault_27, skrybe_limestone_x

Action                     || total
---------------------------++-------
  Melee: Dagger            ||    13
         Punch             ||     1
   Cast: Summon Small Mamm ||    13
         Call Imp          ||     2
 Armour: Robe              ||    16
  Dodge: Dodged            ||    16

Table legend: (Time is in decaauts)
 A = Elapsed time spent in this place.
 B = Non-inter-level travel time spent in this place.
 C = Inter-level travel time spent in this place.
 D = Time resting spent in this place.
 E = Time spent auto-exploring this place.
 F = Levels seen in this place.
 G = Mean time per level.
                   A        B        C        D        E       F      G
               +--------+--------+--------+--------+--------+-----+--------+
         Total |    224 |    224 |      0 |      0 |    119 |   1 |  224.0 |
       Dungeon |    224 |    224 |      0 |      0 |    119 |   1 |  224.0 |
               +--------+--------+--------+--------+--------+-----+--------+

Top non-repeatable levels by time:
     D:1: 224 daAuts
